 Dungeon Crawl Stone Soup version 0.28-a0-199-g298df9dbad (webtiles) character file.

Game seed: 17778277275019617662

303 Rennog the Skirmisher (level 6, 46/51 HPs)
             Began as a Demonspawn Fighter on Aug 19, 2021.
             Quit the game on level 4 of the Dungeon.
             The game lasted 00:04:56 (5863 turns).

Rennog the Skirmisher (Demonspawn Fighter)          Turns: 5863, Time: 00:04:56

Health: 46/51      AC:  7    Str: 18    XL:     6   Next: 15%
Magic:  6/6        EV:  7    Int:  9    God:
Gold:   95         SH:  8    Dex: 13    Spells: 5/5 levels left

rFire   . . .      SeeInvis .   a - +0 long sword
rCold   . . .      Faith    .   c - +0 kite shield
rNeg    . . .      Spirit   .   b - +0 scale mail
rPois   .          Reflect  .   (helmet restricted)
rElec   .          Harm     .   (no cloak)
rCorr   .          Rampage  .   (no gloves)
Will    .....                   g - +0 pair of boots
Stlth   ..........              (no amulet)
HPRegen 0.17/turn               (no ring)
MPRegen 0.10/turn               (no ring)

@: no status effects
A: antennae 1, spiny 1, demonic magic 1
a: no special abilities


You were on level 4 of the Dungeon.
You visited 1 branch of the dungeon, and saw 4 of its levels.

You collected 95 gold pieces.

Inventory:

Hand Weapons
 a - a +0 long sword (weapon)
Missiles
 i - 5 javelins (quivered)
Armour
 b - a +0 scale mail (worn)
 c - a +0 kite shield (worn)
 g - a +0 pair of boots (worn)
Scrolls
 e - 10 scrolls of identify {unknown}
 j - 2 scrolls of teleportation {unknown}
 k - a scroll of blinking {unknown}
 l - a scroll of amnesia {unknown}
 m - a scroll of holy word {unknown}
 o - a scroll of noise {unknown}
 p - a scroll of immolation {unknown}
Potions
 d - 2 potions of might
 f - a potion of flight {unknown}
 h - a potion of ambrosia {unknown}
 n - a potion of haste {unknown}


   Skills:
 + Level 5.3 Fighting
 + Level 4.3 Long Blades
 - Level 2.6 Armour
 - Level 2.6 Shields


You had 5 spell levels left.
You didn't know any spells.
Your spell library was empty.

Dungeon Overview and Level Annotations

Branches:
Dungeon (4/15)
 Temple: D:4-7

Altars:
Vehumet


Innate Abilities, Weirdness & Mutations

You have a pair of small antennae on your head.
You are partially covered in sharp spines.
Spells you cast may paralyse adjacent enemies.


Message History

Things that are here:
a +0 club; an adder corpse
There is an open door here.
You open the door.
A scorpion comes into view.
Found 5 gold pieces.
A scorpion is nearby!
A scorpion is nearby!
A scorpion is nearby!
Found 19 gold pieces.
There is an open door here.
The scorpion stings you but does no damage.
The scorpion barely misses you.
You riposte.
You closely miss the scorpion. You hit the scorpion but do no damage.
The scorpion stings you but does no damage.
You hit the scorpion.
The scorpion is lightly wounded.
The scorpion stings you but does no damage.
The scorpion is struck by your spines. The scorpion barely misses you.
You completely miss the scorpion.
The scorpion is moderately wounded.
The scorpion stings you.
The scorpion stings you but does no damage.
You hit the scorpion but do no damage.
The scorpion is moderately wounded.
The scorpion closely misses you.
You closely miss the scorpion.
The scorpion is moderately wounded.
The scorpion barely misses you. You block the scorpion's attack.
You hit the scorpion.
The scorpion is severely wounded.
The scorpion stings you. The scorpion barely misses you.
You riposte.
You slash the scorpion!
You kill the scorpion!
You have reached level 6!
Your experience leads to an increase in your attributes!
Increase (S)trength, (I)ntelligence, or (D)exterity?
You feel agile.
Your demonic ancestry asserts itself...
A menacing aura infuses your magic.
Are you sure you want to abandon this character and quit the game? (Confirm with "yes".)

..$# #...# #...# ####
#...# ##...# #...#
##.....##...#
#.......#...#
#..$..†@'...+
#..$....#...#
##.....##...# ##...#
#...# ##### #...#
#####
##...###...###...##
##.....##...##.....##
#.......#...#.......#
#......)'...'.......#


There were no monsters in sight!

Vanquished Creatures
  A scorpion (D:4)
  A bullfrog skeleton (D:3)
  An iguana (D:2)
  8 adders
  4 gnolls (D:3)
  2 dart slugs
  2 worms
  7 bats
  6 endoplasms
  A giant cockroach (D:1)
  6 goblins
  7 hobgoblins
  3 jackals (D:1)
  10 kobolds
  A quokka (D:1)
  4 ball pythons
  2 frilled lizards
  6 rats
72 creatures vanquished.

Vanquished Creatures (others)
  A withered plant (D:1)
1 creature vanquished.

Grand Total: 73 creatures vanquished

Notes
Turn   | Place    | Note
-------+----------+-------------------------------------------
     0 | D:1      | Rennog the Demonspawn Fighter began the quest for the Orb.
     0 | D:1      | Reached XP level 1. HP: 18/18 MP: 1/1
   227 | D:1      | Gained mutation: You have a pair of small antennae on your
                  | head. [demonic ancestry]
   227 | D:1      | Reached XP level 2. HP: 15/24 MP: 2/2
   670 | D:1      | Found a faded altar of an unknown god.
  1473 | D:1      | Reached XP level 3. HP: 24/29 MP: 3/3
  1835 | D:1      | Became a worshipper of Vehumet
  1835 | D:1      | Reached * piety under Vehumet
  1835 | D:1      | Offered knowledge of Shock by Vehumet.
  1836 | D:1      | Fell from the grace of Vehumet
  2248 | D:2      | Reached skill level 4 in Fighting
  2407 | D:2      | Reached XP level 4. HP: 29/37 MP: 4/4
  4103 | D:3      | Gained mutation: You are partially covered in sharp spines.
                  | [demonic ancestry]
  4103 | D:3      | Reached XP level 5. HP: 15/43 MP: 5/5
  5130 | D:3      | Reached skill level 5 in Fighting
  5863 | D:4      | Gained mutation: Spells you cast may paralyse adjacent
                  | enemies. [demonic ancestry]
  5863 | D:4      | Reached XP level 6. HP: 46/51 MP: 6/6
  5863 | D:4      | Quit the game

Illustrated notes

Levels and vault maps discovered:
D:1:      dpeg_arrival_windows_large_door, layout_basic,
          shapermc_ecumenical_altar_flowoftime, minivault_26,
          hangedman_feature_mirror
D:2:      layout_loops_cross
D:3:      layout_basic, feat_on_display
D:4:      kennysheep_six_static_rooms, layout_cave_pools,
          minmay_misc_feat_diagonals, kennysheep_generic_room_3, uniq_edmund

Skill      XL: |  1  2  3  4  5 |
---------------+----------------+-----
Long Blades    | 2 3 4 |  4.3
Fighting       | 4 5 |  5.3
Armour         | |  2.6
Shields        | |  2.6

Action                   |  1- 3 |  4- 6 || total
-------------------------+-------+-------++-------
Melee: Long sword        |   112 |   130 ||   242
Invok: Renounce Religion |     1 |       ||     1
Armor: Scale mail        |    62 |    57 ||   119
Dodge: Dodged            |    30 |    48 ||    78
Block: Kite shield       |    65 |    64 ||   129
       Rpst.: Long sword |    11 |    14 ||    25

Table legend: (Time is in decaauts)
 A = Elapsed time spent in this place.
 B = Non-inter-level travel time spent in this place.
 C = Inter-level travel time spent in this place.
 D = Time resting spent in this place.
 E = Time spent auto-exploring this place.
 F = Levels seen in this place.
 G = Mean time per level.
                   A        B        C        D        E       F      G
               +--------+--------+--------+--------+--------+-----+--------+
         Total |   5991 |   5618 |    373 |    529 |   4376 |   4 | 1497.8 |
       Dungeon |   5991 |   5618 |    373 |    529 |   4376 |   4 | 1497.8 |
               +--------+--------+--------+--------+--------+-----+--------+

Top non-repeatable levels by time:
     D:2: 2047 daAuts
     D:1: 1912 daAuts
     D:3: 1612 daAuts
     D:4: 418 daAuts
